 Dungeon Crawl Stone Soup version 0.29.0-4-gdea44cf6ec (webtiles) character file.

Game seed: 1858980119656343362

4536 qw the Cleaver (level 10, -2/59 HPs)
             Began as a Tengu Warper on Aug 28, 2022.
             Was a Follower of Okawaru.
             Slain by a death yak (15 damage)
             ... on level 1 of the Lair of Beasts.
             The game lasted 00:00:50 (9893 turns).

qw the Cleaver (Tengu Warper)                       Turns: 9893, Time: 00:00:50

Health: -2/59      AC: 20    Str: 17    XL:     10   Next: 40%
Magic:  13/14      EV: 11    Int: 16    God:    Okawaru [*.....]
Gold:   610        SH:  8    Dex: 19    Spells: 13/13 levels left

rFire   + + .      SeeInvis .   Y - +3 broad axe (vorpal)
rCold   . . .      Faith    .   m - +1 buckler {rPois}
rNeg    + . .      Spirit   .   b - +2 plate armour
rPois   +          Reflect  .   j - +1 hat "Putson" {rF+ rN+ Slay+2}
rElec   .          Harm     .   f - +1 cloak
rCorr   .          Rampage  .   (no gloves)
Will    .....                   (boots unavailable)
Stlth   ..........              (no amulet)
HPRegen 0.19/turn               n - ring of Generosity {rPois rF+ Int+3}
MPRegen 0.14/turn               h - +6 ring of dexterity

@: about to teleport, heroic, flying quickly and evasively, quick
A: beak, talons 3, nimble flight
a: Renounce Religion, Heroism


You were on level 1 of the Lair of Beasts.
You worshipped Okawaru.
Okawaru was aware of your devotion.
You visited 3 branches of the dungeon, and saw 10 of its levels.

You collected 610 gold pieces.


Innate Abilities, Weirdness & Mutations

You have a beak for a mouth.
You have claws for feet.
Your magical nature lets you fly swiftly and evasively.


   Skills:
 - Level 5.0(10.0) Fighting
 - Level 12.1(17.1) Axes
 - Level 1.0(6.0) Throwing
 + Level 5.8(10.8) Armour
 - Level 3.3(8.3) Dodging
 - Level 4.9(9.9) Shields
 - Level 2.0 Spellcasting
 - Level 2.4 Translocations
 - Level 4.0 Invocations


You had 13 spell levels left.
You didn't know any spells.
Your spell library contained the following spells:

 Spells                   Type           Power      Damage    Failure   Level
 Blink                    Tloc           18%        N/A       98%         2
 Gell's Gravitas          Tloc           9%         N/A       100%        3
 Lesser Beckoning         Tloc           9%         N/A       100%        3
 Teleport Other           Tloc           9%         N/A       100%        3
 Manifold Assault         Tloc           9%         N/A       100%        5

Inventory:

Hand Weapons
 e - a +1 flail of protection
 Y - a +3 vorpal broad axe (weapon)
Armour
 b - a +2 plate armour (worn)
 f - a +1 cloak (worn)
 j - the +1 hat "Putson" (worn) {rF+ rN+ Slay+2}
   (You found it on level 3 of the Dungeon)

   Slay:      It affects your accuracy & damage with ranged weapons and melee
   (+2).
   rF:        It protects you from fire.
   rN:        It protects you from negative energy.
 m - a +1 buckler of poison resistance (worn)
Jewellery
 h - a +6 ring of dexterity (right hand)
 n - the ring of Generosity (left hand) {rPois rF+ Int+3}
   (You acquired it on level 4 of the Dungeon)

   [ring of poison resistance]

   Int:       It affects your intelligence (+3).
   rF:        It protects you from fire.
   rPois:     It protects you from poison.
Scrolls
 g - a scroll of identify
Potions
 a - a potion of might
 k - 2 potions of curing
 o - a potion of magic
 p - a potion of haste {unknown}
 q - a potion of mutation {unknown}

Dungeon Overview and Level Annotations

Branches:
Dungeon (8/15)             Temple (1/1) D:7            Lair (1/5) D:8

Altars:
Ashenzari
Cheibriados
Dithmenos
Elyvilon
Fedhas
Hepliaklqana
Kikubaaqudgha
Nemelex Xobeh
Okawaru
Qazlal
Ru
Trog
Uskayaw
Vehumet
Wu Jian
Xom
Yredelemnul
Zin
The Shining One

Annotations:
D:5 1 runed translucent door, Crazy Yiuf


Message History

The death yak is moderately wounded.
You slash the death yak! x2
A cane toad comes into view.
The death yak barely misses you.
The cane toad gives a loud, deep croak!
You slice the death yak!!
The death yak is severely wounded.
You hit the rime drake. You slash the death yak! You barely miss the death yak.
You hear a bellow!
The rime drake breathes ice at you. You block the flash freeze.
The death yak gores you!! You block the death yak's attack.
A yak comes into view.
The yak bellows!
You hit the death yak. You claw the death yak. You peck the death yak.
The death yak is almost dead.
You closely miss the rime drake. You slash the death yak!
You slice the death yak!!
You hear a bellow!
The rime drake breathes ice at you. The flash freeze misses you.
You slash the death yak!
You kill the death yak!
Okawaru is honoured by your kill.
You closely miss the rime drake. You hit the death yak.
You barely miss the death yak. The death yak gores you!
The death yak gores you but does no damage.
The rime drake closely misses you.
Your Invocations skill increases to level 4!
You slash the death yak! You claw the death yak.
The death yak is almost dead.
You barely miss the rime drake. You slash the death yak! You hit the death yak.
The death yak closely misses you. The death yak gores you!
9893 ||| READING scroll of teleportation.
As you read the scroll of teleportation, it crumbles to dust.
You feel strangely unstable.
The death yak gores you but does no damage.
The death yak gores you!
You die...

## #####
##.#######.#..#
...............
...............
...............
..#.P#.<.......
.......YY......
.......@Yk.....
.......YY......
.#######YF.....
....... ..Y....
....... .......
.......


You could see 5 death yaks, 2 yaks, a cane toad and a rime drake (catching
breath).

Vanquished Creatures
  Erica (D:8)
  A two-headed ogre (D:8)
  A death yak (Lair:1)
  A manticore (D:7)
  A wyvern (D:8)
  A water moccasin (D:8)
  An orc warrior (D:6)
  A sky beast (D:6)
  An ice beast (D:5)
  2 ogres
  3 centaurs
  A phantom (D:6)
  2 bullfrogs
  A necrophage (D:5)
  A gnoll sergeant (D:6)
  3 scorpions
  4 wights (D:8)
  5 howler monkeys
  An electric eel (D:6)
  5 hounds
  An orc priest (D:5)
  3 jellies
  Ijyb (D:3)
  5 orc wizards
  5 adders
  A shadow imp (D:6)
  2 white imps
  An ufetubus (D:5)
  A worm (D:5)
  2 dart slugs
  20 orcs
  6 endoplasms
  2 giant cockroaches
  6 goblins
  4 hobgoblins
  6 jackals
  4 kobolds
  A quokka (D:1)
  7 ball pythons
  2 bats
  A frilled lizard (D:1)
  5 rats
123 creatures vanquished.

Vanquished Creatures (others)
  2 fungi (D:8)
  2 plants (D:8)
4 creatures vanquished.

Grand Total: 127 creatures vanquished

Notes
Turn   | Place    | Note
-------+----------+-------------------------------------------
     0 | D:1      | qw the Tengu Warper began the quest for the Orb.
     0 | D:1      | Reached XP level 1. HP: 12/12 MP: 4/4
     0 | D:1      | 0 ||| qw: Version: 0.1-a-89-g26bdef1
     0 | D:1      | 0 ||| qw: Game counter: 3104
     0 | D:1      | 0 ||| qw: Always use a shield: true
     0 | D:1      | 0 ||| qw: God list: Okawaru
     0 | D:1      | 0 ||| qw: Allow faded altars: false
     0 | D:1      | 0 ||| qw: Do Orc after D:15 true
     0 | D:1      | 0 ||| qw: Do second Lair branch before Depths: true
     0 | D:1      | 0 ||| qw: Lair rune preference: random
     0 | D:1      | 0 ||| qw: Plans: Normal
     0 | D:1      | 0 ||| PLANNING D:1-11
    29 | D:1      | 29 ||| Stepping ~*~*~tactically~*~*~ (stealth).
    31 | D:1      | 31 ||| Stepping ~*~*~tactically~*~*~ (stealth).
   134 | D:1      | Reached XP level 2. HP: 17/17 MP: 6/6
   205 | D:1      | Reached skill level 3 in Axes
   291 | D:1      | 291 ||| DROPPING +0 club.
   340 | D:1      | 340 ||| Stepping ~*~*~tactically~*~*~ (stealth).
   729 | D:1      | 729 ||| READING 2 scrolls labelled PUCHEC BIASKE.
   730 | D:1      | 730 ||| READING 2 scrolls labelled PINISTR CIBORENGOFU.
   731 | D:1      | 731 ||| DROPPING scroll of vulnerability.
   732 | D:1      | 732 ||| DROPPING scroll of blinking.
   823 | D:2      | Found a faded altar of an unknown god.
  1129 | D:2      | Reached XP level 3. HP: 16/21 MP: 7/7
  1296 | D:2      | 1296 ||| SWAPPING to +0 war axe.
  1297 | D:2      | 1297 ||| DROPPING +0 hand axe.
  1481 | D:2      | 1481 ||| READING scroll labelled URHIOCW NOMONN.
  1482 | D:2      | 1482 ||| READING scroll labelled YQOFEGG IHOIMUMN.
  1506 | D:3      | 1506 ||| STAIRDANCE
  1513 | D:3      | 1513 ||| STAIRDANCE
  1519 | D:3      | Reached skill level 4 in Axes
  1527 | D:3      | 1527 ||| Stepping ~*~*~tactically~*~*~ (hiding).
  1759 | D:3      | 1759 ||| FLEEEEING.
  1760 | D:3      | 1760 ||| FLEEEEING.
  1935 | D:3      | Reached XP level 4. HP: 24/26 MP: 8/8
  2064 | D:3      | Noticed Ijyb
  2065 | D:3      | 2065 ||| Stepping ~*~*~tactically~*~*~ (stealth).
  2067 | D:3      | 2067 ||| FLEEEEING.
  2068 | D:3      | 2068 ||| FLEEEEING.
  2069 | D:3      | 2069 ||| FLEEEEING.
  2070 | D:3      | 2070 ||| FLEEEEING.
  2071 | D:3      | 2071 ||| FLEEEEING.
  2072 | D:3      | 2072 ||| FLEEEEING.
  2073 | D:3      | 2073 ||| FLEEEEING.
  2075 | D:3      | 2075 ||| FLEEEEING.
  2076 | D:3      | 2076 ||| FLEEEEING.
  2078 | D:3      | 2078 ||| STAIRDANCE
  2250 | D:2      | 2250 ||| DROPPING orb of guile.
  2251 | D:2      | 2251 ||| UPGRADING to +0 ring mail.
  2261 | D:2      | 2261 ||| DROPPING +0 leather armour.
  2262 | D:2      | 2262 ||| UPGRADING to +0 scale mail.
  2272 | D:2      | 2272 ||| DROPPING +0 ring mail.
  2273 | D:2      | 2273 ||| READING scroll labelled ZAGUZXYMIM.
  2308 | D:3      | 2308 ||| Stepping ~*~*~tactically~*~*~ (hiding).
  2309 | D:3      | 2309 ||| Stepping ~*~*~tactically~*~*~ (hiding).
  2310 | D:3      | 2310 ||| Stepping ~*~*~tactically~*~*~ (hiding).
  2316 | D:3      | HP: 5/26 [Ijyb/bolt of acid (9)]
  2319 | D:3      | Killed Ijyb
  2320 | D:3      | Reached skill level 5 in Axes
  2348 | D:3      | 2348 ||| Stepping ~*~*~tactically~*~*~ (stealth).
  2647 | D:3      | Identified the +1 hat "Putson" {rF+ rN+ Slay+2}
  2693 | D:3      | 2693 ||| Stepping ~*~*~tactically~*~*~ (stealth).
  2710 | D:3      | 2710 ||| UPGRADING to +1 hat "Putson" {rF+ rN+ Slay+2}.
  3026 | D:4      | 3026 ||| READING scroll of enchant weapon.
  3026 | D:4      | 3026 ||| ENCHANTING +1 war axe.
  3042 | D:4      | 3042 ||| Stepping ~*~*~tactically~*~*~ (stealth).
  3050 | D:4      | Gained mutation: Your magical nature lets you fly swiftly
                  | and evasively. [Tengu growth]
  3050 | D:4      | Reached XP level 5. HP: 28/30 MP: 9/9
  3065 | D:4      | Reached skill level 6 in Axes
  3196 | D:4      | 3196 ||| DROPPING +0 mace.
  3712 | D:4      | 3712 ||| READING 3 scrolls labelled SITTET ARIPTAN.
  3712 | D:4      | Identified 3 scrolls of acquirement
  3712 | D:4      | 3712 ||| ACQUIRING ring of Generosity {rPois rF+ Int+3}
  3712 | D:4      | Acquired the ring of Generosity {rPois rF+ Int+3}
  3714 | D:4      | 3714 ||| UPGRADING to ring of Generosity {rPois rF+ Int+3}.
  3715 | D:4      | 3715 ||| READING 2 scrolls of acquirement.
  3715 | D:4      | 3715 ||| ACQUIRING +3 vorpal broad axe
  3715 | D:4      | Acquired a +3 vorpal broad axe
  3717 | D:4      | 3717 ||| SWAPPING to +3 vorpal broad axe.
  3718 | D:4      | 3718 ||| DROPPING +2 war axe.
  3719 | D:4      | 3719 ||| READING scroll of acquirement.
  3719 | D:4      | 3719 ||| ACQUIRING +1 buckler of poison resistance
  3719 | D:4      | Acquired a +1 buckler of poison resistance
  3721 | D:4      | 3721 ||| UPGRADING to +1 buckler of poison resistance.
  3726 | D:4      | 3726 ||| DRINKING 2 bubbling white potions.
  3727 | D:4      | 3727 ||| DRINKING 2 coppery potions.
  3728 | D:4      | 3728 ||| READING 2 scrolls of identify.
  3728 | D:4      | 3728 ||| IDENTIFYING cyan potion
  3729 | D:4      | 3729 ||| DROPPING potion of invisibility.
  3798 | D:5      | Entered Level 5 of the Dungeon
  3846 | D:5      | 3846 ||| DRINKING potion of curing.
  3846 | D:5      | 3846 ||| (to cure confusion)
  3849 | D:5      | Reached skill level 1 in Shields
  3850 | D:5      | Reached XP level 6. HP: 30/35 MP: 10/10
  3918 | D:5      | 3918 ||| DROPPING +0 flail.
  3971 | D:5      | Found a shadowy altar of Dithmenos.
  4154 | D:5      | Reached skill level 7 in Axes
  4397 | D:5      | Reached skill level 3 in Fighting
  4397 | D:5      | Reached XP level 7. HP: 41/41 MP: 11/11
  4406 | D:5      | 4406 ||| FLEEEEING.
  4407 | D:5      | 4407 ||| FLEEEEING.
  4408 | D:5      | 4408 ||| FLEEEEING.
  4409 | D:5      | 4409 ||| FLEEEEING.
  4410 | D:5      | 4410 ||| FLEEEEING.
  4422 | D:5      | 4422 ||| FLEEEEING.
  4429 | D:5      | 4429 ||| STAIRDANCE
  4666 | D:5      | 4666 ||| Stepping ~*~*~tactically~*~*~ (hiding).
  4676 | D:5      | Reached skill level 8 in Axes
  4983 | D:5      | Found a hazy altar of Hepliaklqana.
  5032 | D:5      | Found a runed translucent door.
  5032 | D:5      | Noticed Crazy Yiuf
  5163 | D:5      | 5163 ||| READING scroll labelled QUGEBLUXIADGH.
  5164 | D:5      | 5164 ||| DRINKING 2 metallic clear potions.
  5165 | D:5      | 5165 ||| DRINKING 3 clear potions.
  5166 | D:5      | 5166 ||| DROPPING potion of flight.
  5182 | D:6      | Reached skill level 9 in Axes
  5182 | D:6      | 5182 ||| STAIRDANCE
  5297 | D:6      | Found a white marble altar of Elyvilon.
  5297 | D:6      | Found a sacrificial altar of Ru.
  5300 | D:6      | Found a glowing silver altar of Zin.
  5311 | D:6      | Reached XP level 8. HP: 42/46 MP: 12/12
  5451 | D:6      | Reached skill level 3 in Armour
  5657 | D:6      | 5657 ||| Stepping ~*~*~tactically~*~*~ (hiding).
  5662 | D:6      | HP: 9/48 [orc warrior/+0 long sword (7)]
  5663 | D:6      | 5663 ||| READING 2 scrolls of teleportation.
  5664 | D:6      | 5664 ||| DRINKING 2 potions of heal wounds.
  6068 | D:6      | Reached skill level 3 in Dodging
  6078 | D:6      | HP: 11/48 [gnoll sergeant/+1 spear of venom (5)]
  6079 | D:6      | 6079 ||| READING scroll of teleportation.
  6080 | D:6      | 6080 ||| DRINKING potion of heal wounds.
  6083 | D:6      | HP: 8/48 [poisoned by a gnoll sergeant]
  6088 | D:6      | HP: 3/48 [poisoned by a gnoll sergeant]
  6317 | D:6      | 6317 ||| FLEEEEING.
  6528 | D:6      | HP: 8/48 [poisoned by a gnoll sergeant]
  6529 | D:6      | 6529 ||| DRINKING 2 potions of curing.
  6529 | D:6      | 6529 ||| (to cure poison)
  6808 | D:6      | Reached skill level 10 in Axes
  6935 | D:6      | Found a broken altar of Ashenzari.
  7181 | D:6      | 7181 ||| UPGRADING to +0 plate armour.
  7191 | D:6      | 7191 ||| DROPPING +0 scale mail.
  7192 | D:6      | 7192 ||| READING 2 scrolls of enchant armour.
  7192 | D:6      | 7192 ||| ENCHANTING +0 plate armour.
  7193 | D:6      | 7193 ||| READING scroll of enchant armour.
  7193 | D:6      | 7193 ||| ENCHANTING +1 plate armour.
  7194 | D:6      | 7194 ||| UPGRADING to amulet of guardian spirit.
  7199 | D:6      | 7199 ||| UPGRADING to +6 ring of dexterity.
  7200 | D:6      | 7200 ||| DRINKING 2 inky potions.
  7237 | D:6      | 7237 ||| DROPPING potion of lignification.
  7407 | D:6      | 7407 ||| Stepping randomly (stuck).
  7492 | D:7      | Reached XP level 9. HP: 30/52 MP: 8/13
  7673 | D:7      | Noticed a manticore
  7680 | D:7      | Killed a manticore
  7739 | D:7      | Found a staircase to the Ecumenical Temple.
  7740 | D:7      | 7740 ||| PLANNING TEMPLE
  7740 | D:7      | 7740 ||| UPGRADING to +0 cloak.
  7745 | D:7      | 7745 ||| DRINKING 2 brown potions.
  7849 | D:7      | 7849 ||| DROPPING potion of berserk rage.
  7856 | Temple   | Entered the Ecumenical Temple
  7861 | Temple   | Became a worshipper of Warmaster Okawaru
  7862 | Temple   | 7862 ||| REMOVING amulet of guardian spirit.
  7902 | Temple   | 7902 ||| PLANNING D:1-11
  7902 | Temple   | 7902 ||| DROPPING amulet of guardian spirit.
  7930 | D:7      | 7930 ||| Stepping ~*~*~tactically~*~*~ (stealth).
  7932 | D:7      | 7932 ||| Stepping ~*~*~tactically~*~*~ (stealth).
  7934 | D:7      | 7934 ||| Stepping ~*~*~tactically~*~*~ (stealth).
  7943 | D:7      | 7943 ||| Stepping ~*~*~tactically~*~*~ (stealth).
  7944 | D:7      | 7944 ||| Stepping ~*~*~tactically~*~*~ (stealth).
  8524 | D:7      | 8524 ||| READING scroll labelled ONYECI ARACO.
  8525 | D:7      | 8525 ||| READING 2 scrolls of identify.
  8525 | D:7      | 8525 ||| IDENTIFYING green potion
  8526 | D:7      | 8526 ||| DROPPING potion of ambrosia.
  8553 | D:6      | 8553 ||| READING scroll of enchant armour.
  8553 | D:6      | 8553 ||| ENCHANTING +0 cloak.
  8554 | D:6      | 8554 ||| Stepping randomly (stuck).
  8597 | D:8      | 8597 ||| FLEEEEING.
  8601 | D:8      | 8601 ||| FLEEEEING.
  8602 | D:8      | 8602 ||| FLEEEEING.
  8603 | D:8      | 8603 ||| FLEEEEING.
  8604 | D:8      | 8604 ||| FLEEEEING.
  8605 | D:8      | 8605 ||| FLEEEEING.
  8606 | D:8      | 8606 ||| FLEEEEING.
  8607 | D:8      | 8607 ||| FLEEEEING.
  8608 | D:8      | 8608 ||| FLEEEEING.
  8612 | D:8      | 8612 ||| FLEEEEING.
  8613 | D:8      | 8613 ||| STAIRDANCE
  8674 | D:8      | 8674 ||| Stepping ~*~*~tactically~*~*~ (hiding).
  8760 | D:8      | Noticed Erica
  8769 | D:8      | HP: 11/54 [Erica/+4 scimitar of flaming (11)]
  8774 | D:8      | Killed Erica
  8774 | D:8      | Reached * piety under Okawaru
  8775 | D:8      | Reached skill level 11 in Axes
  9028 | D:8      | Reached skill level 1 in Invocations
  9137 | D:8      | Found a staircase to the Lair.
  9298 | D:8      | Reached XP level 10. HP: 59/59 MP: 14/14
  9522 | D:8      | Noticed a two-headed ogre
  9523 | D:8      | 9523 ||| INVOKING Heroism.
  9528 | D:8      | Killed a two-headed ogre
  9529 | D:8      | Reached skill level 12 in Axes
  9529 | D:8      | Reached skill level 3 in Invocations
  9782 | D:8      | 9782 ||| PLANNING LAIR
  9782 | D:8      | 9782 ||| READING scroll labelled UFUOCEH YRORCH.
  9783 | D:8      | 9783 ||| READING 2 scrolls of identify.
  9783 | D:8      | 9783 ||| IDENTIFYING grey potion
  9880 | Lair:1   | Entered Level 1 of the Lair of Beasts
  9880 | Lair:1   | Noticed a death yak
  9880 | Lair:1   | Noticed a death yak
  9881 | Lair:1   | 9881 ||| INVOKING Heroism.
  9881 | Lair:1   | Noticed a death yak
  9883 | Lair:1   | Noticed a death yak
  9883 | Lair:1   | Noticed a death yak
  9884 | Lair:1   | Noticed a death yak
  9888 | Lair:1   | Noticed a cane toad
  9891 | Lair:1   | Killed a death yak
  9892 | Lair:1   | HP: 12/59 [death yak (8)]
  9893 | Lair:1   | 9893 ||| READING scroll of teleportation.
  9893 | Lair:1   | Slain by a death yak

Levels and vault maps discovered:
D:1:      denvon_arrival_planthouse, layout_basic
D:2:      layout_basic, hellmonk_ecumenical_altar_dog_temple,
          minmay_tetromino_o4
D:3:      layout_rooms, kennysheep_generic_room_3, uniq_ijyb
D:4:      layout_layer_cave
D:5:      layout_cave_pods, general_overflow_altar,
          worldfamousw_hep_ancestral_shrine, uniq_crazy_yiuf_cottage
D:6:      layout_basic, nicolae_ashenzari_panopticon,
          nicolae_overflow_hidden_temple, amcnicky_mini_rare_corridor_liquid,
          minmay_misc_feat_iff, kennysheep_generic_room_16
D:7:      layout_basic, minmay_temple_entry_mini_moons
D:8:      layout_basic, dpeg_oklobed_lair, uniq_erica
Temple:   nicolae_temple_ecumenical_triangle
Lair:1:   layout_small_grid, hangedman_tree_tricks

Skill      XL: |  1  2  3  4  5  6  7  8  9 10 |
---------------+-------------------------------+-----
Axes           | 3 4 5 6 7 9 10 11 12 | 12.1
Shields        | 1 2 4 |  4.9
Fighting       | 3 4 5 |  5.0
Armour         | 4 5 |  5.8
Dodging        | 3 |  3.3
Invocations    | 1 4 |  4.0
Throwing       | |  1.0
Spellcasting   | |  2.0
Translocations | |  2.4

Action                   |  1- 3 |  4- 6 |  7- 9 | 10-12 || total
-------------------------+-------+-------+-------+-------++-------
Melee: Hand axe          |    41 |       |       |       ||    41
       Kick              |    11 |    16 |    52 |     8 ||    87
       Peck              |     9 |    11 |    27 |     3 ||    50
       War axe           |    29 |    51 |       |       ||    80
       Broad axe         |       |    21 |   147 |    17 ||   185
Throw: Boomerang         |    10 |       |    14 |       ||    24
Invok: Heroism           |       |       |       |     2 ||     2
  Use: Scroll            |     4 |     6 |     8 |     3 ||    21
       Potion            |       |     3 |     7 |       ||    10
Armor: Leather armour    |    10 |       |       |       ||    10
       Scale mail        |       |    27 |    35 |       ||    62
       Plate armour      |       |       |    15 |     6 ||    21
Dodge: Dodged            |    32 |    35 |    44 |    11 ||   122
Block: Buckler           |       |     5 |    27 |     4 ||    36

Table legend:
 A = Non-vault XP
 B = Vault XP
 C = Vault XP percentage of total XP
 D = Non-vault monster count
 E = Vault monster count
 F = Vault count percentage of total count
                 A         B        C        D         E       F
            +---------+---------+-------+---------+---------+-------
      Total |    5334 |    1147 |  17.7 |     111 |      12 |   9.8
            +---------+---------+-------+---------+---------+-------
        D:1 |      25 |       0 |   0.0 |      15 |       0 |   0.0
        D:2 |      10 |       9 |  47.4 |       6 |       5 |  45.5
        D:3 |      49 |      51 |  51.0 |      13 |       3 |  18.8
        D:4 |     112 |       0 |   0.0 |      12 |       0 |   0.0
        D:5 |     832 |       0 |   0.0 |      22 |       0 |   0.0
        D:6 |     861 |     253 |  22.7 |      14 |       3 |  17.6
        D:7 |     986 |       0 |   0.0 |      17 |       0 |   0.0
        D:8 |    1676 |     834 |  33.2 |      11 |       1 |   8.3
     Lair:1 |     783 |       0 |   0.0 |       1 |       0 |   0.0
            +---------+---------+-------+---------+---------+-------
